 Dungeon Crawl Stone Soup version 0.22-a0-271-gc000056 (webtiles) character file.

71301 Vesto the Warrior (level 14, 0/135 HPs)
             Began as a Minotaur Fighter on Mar 8, 2018.
             Was a Priest of Okawaru.
             Slain by an orc warrior
             ... wielding a +0 glaive
              (12 damage)
             ... on level 2 of the Orcish Mines on Mar 10, 2018.
             The game lasted 01:29:39 (20813 turns).

Vesto the Warrior (Minotaur Fighter)               Turns: 20813, Time: 01:29:40

Health: 0/135      AC: 29    Str: 24    XL:     14   Next: 97%
Magic:  22/23      EV: 17    Int:  8    God:    Okawaru [***...]
Gold:   2521       SH:  4    Dex: 11    Spells: 25/27 levels left

rFire    + + .     SeeInvis +   T - +8 whip "Snakebite" {curare, rPois}
rCold    + + .     Gourm    .   (no shield)
rNeg     . . .     Faith    .   B - +2 ice dragon scales
rPois    +         Spirit   .   R - +3 crown of Dyrovepreva {rElec Int+2 SInv}
rElec    +         Reflect  +   G - scarf {rC+ rF+}
rCorr    .         Harm     .   C - +0 pair of gloves
MR       +....                  u - +1 pair of boots
Stlth    +.........             A - +4 amulet of reflection
HPRegen  0.32/turn              k - ring of protection from fire
MPRegen  0.18/turn              s - ring of fire

@: about to teleport, heroism
A: retaliatory headbutt, horns 2, icy blue scales 1, yellow scales 1
a: Heroism, Renounce Religion


You were on level 2 of the Orcish Mines.
You worshipped Okawaru.
Okawaru was most pleased with you.
You were not hungry.

You visited 4 branches of the dungeon, and saw 22 of its levels.
You also visited: Volcano.

You collected 2641 gold pieces.
You spent 120 gold pieces at shops.

Inventory:

Hand Weapons
 a - a +5 broad axe of flaming
 b - the +10 morningstar "Eos" {elec, Halo rElec}
   (You found it on level 8 of the Dungeon)

   Occasionally, upon striking a foe, it will discharge some electrical energy
   and cause terrible harm.
   It insulates you from electricity.
 P - a +0 hand crossbow
 S - a +0 eveningstar of holy wrath
 T - the +8 whip "Snakebite" (weapon) {curare, rPois}
   (You found it on level 4 of the Lair of Beasts)

   It poisons the flesh of those it strikes.
   It protects you from poison.
 X - a +2 great mace of flaming
 Y - a +0 triple sword of flaming
Missiles
 w - 140 bolts
Armour
 c - a +0 buckler
 u - a +1 pair of boots (worn)
 B - +2 ice dragon scales (worn)
 C - a +0 pair of gloves (worn)
 G - a scarf of resistance (worn)
 N - the +6 plate armour of Truth {*Slow rF++ Int+4}
   (You acquired it on level 5 of the Lair of Beasts)

   It affects your intelligence (+4).
   It greatly protects you from fire.
   It may slow you when you take damage.
 R - the +3 crown of Dyrovepreva (worn) {rElec Int+2 SInv}
   (You found it on level 6 of the Lair of Beasts)

   It affects your intelligence (+2).
   It insulates you from electricity.
   It lets you see invisible.
 V - the +0 hat "Bidaduar" {rCorr}
   (Okawaru gifted it to you on level 6 of the Lair of Beasts)

   It protects you from acid and corrosion.
Magical Staves
 L - an uncursed staff of wizardry
Jewellery
 d - an uncursed amulet of faith
 k - a ring of protection from fire (left hand)
 s - a ring of fire (right hand)
 x - an uncursed ring of magical power
 A - a +4 amulet of reflection (around neck)
 D - a +4 ring of intelligence
 F - an uncursed amulet of regeneration
 H - an uncursed ring of positive energy
 I - a +5 ring of protection
 K - an uncursed ring of ice
 O - an uncursed ring of protection from cold
Wands
 h - a wand of digging (17)
 j - a wand of disintegration (24)
 o - a wand of paralysis (35)
 q - a wand of random effects (44)
 y - a wand of flame (41)
Scrolls
 e - 18 scrolls of remove curse
 i - 5 scrolls of teleportation
 m - 15 scrolls of identify
 r - a scroll of fog
 t - 3 scrolls of amnesia
 v - 2 scrolls of magic mapping
 E - 3 scrolls of blinking
Potions
 g - 13 potions of curing
 l - 2 potions of magic
 n - 2 potions of berserk rage
 p - 2 potions of flight
 z - 2 potions of resistance
 J - 7 potions of lignification
 M - 2 potions of haste
 Q - a potion of agility
 U - 2 potions of cancellation
 W - a potion of brilliance
Comestibles
 f - 31 rations
 Z - 2 chunks of flesh


   Skills:
 * Level 15.0(20.0) Fighting
 + Level 12.3(18.2) Axes
 + Level 8.6(16.5) Maces & Flails
 - Level 6.3(11.3) Crossbows
 + Level 11.3(16.3) Armour
 + Level 9.9(14.9) Dodging
 - Level 4.2(9.2) Shields
 * Level 7.1 Spellcasting
 - Level 3.0 Charms
 - Level 7.0 Invocations
 + Level 6.3 Evocations


You had 25 spell levels left.
You knew the following spells:

 Your Spells              Type           Power        Failure   Level  Hunger
a - Song of Slaying       Chrm           #.......     19%         2    ##.....


Dungeon Overview and Level Annotations

Branches:
Dungeon (13/15)            Temple (1/1) D:6            Lair (6/6) D:10
  Swamp (0/4) Lair:3       Spider (0/4) Lair:3        Slime (0/5) Lair:5
    Orc (2/2) D:11            Elf (0/3) Orc:2
 Vaults: D:13-14

Altars:
Ashenzari
Cheibriados
Dithmenos
Elyvilon
Fedhas
Gozag
Hepliaklqana
Kikubaaqudgha
Makhleb
Nemelex Xobeh
Okawaru
Qazlal
Ru
Sif Muna
Trog
Uskayaw
Vehumet
Wu Jian
Xom
Yredelemnul
Zin
The Shining One
Jiyva

Shops:
D:6 *   D:7 !   D:12 (   Orc:2 [

Annotations:
D:9 ohad's ghost, novice TrMo


Innate Abilities, Weirdness & Mutations

You reflexively headbutt those who attack you in melee.
You have a pair of horns on your head.
You are partially covered in icy blue scales. (AC +2)
You are partially covered in yellow scales. (AC +2)


Message History

You kill the orc wizard!
Okawaru accepts your kill.
The orc warrior no longer looks unusually strong.
You whack the orc!
You kill the orc!
The orc knight roars a battlecry!
The orcs go into a battle-frenzy!
You hear a shout!
As you read the scroll of teleportation, it crumbles to dust.
You feel strangely unstable.
You hear a shout!
The orc warrior closely misses you.
You hit the orc.
The orc is poisoned.
You headbutt the orc.
The orc is severely wounded.
The orc closely misses you.
You whack the orc!
You kill the orc!
Okawaru accepts your kill.
The orc warrior hits you from afar with a glaive!
You die...

,,*** ##.#........#### ,,* ####*
##..............##
,,*****##.#.####............[.##.
,,,,,,,#.....#...................
,,,,,..#...o.....†......#........
,,,,,ooo..§..)oo.)....####.......
,,,,,.......###o)))...###........
,,,,,.o..oo.* ##))...............
,,,,,..o...#* #@#.............#.
,,,,,..o...,* ###...........####
,,,,,..#.$.** ###.........#
,,,,,.,#..** ##.......##
,,*****###* ##.......### ,,*
###..........# ,,***
#............## ,,,,*
###.............## ,,,,*
##.##..............


You could see an orc knight, an orc warrior and an orc priest.

Vanquished Creatures
  Rupert (Lair:4)
  Kirke (Lair:5)
  An orc warlord (Orc:2)
  A red draconian (Volcano)
  Fannar (Lair:2)
  4 hydras
  Harold (Lair:2)
  Erica (D:10)
  An ogre mage (Volcano)
  4 death yaks (Lair:6)
  9 two-headed ogres
  An orc high priest (Orc:2)
  Urug (Lair:5)
  Nergalle (Lair:4)
  3 orc knights (Orc:2)
  An ugly thing (D:12)
  4 orc sorcerers
  An oklob plant (D:10)
  A lindwurm (Orc:1)
  Maurice (D:8)
  7 elephants
  The ghost of kuniqs the Covered, a novice DDFi (D:4)
  An ice statue (Lair:4)
  3 black mambas
  2 molten gargoyles (Volcano)
  32 spiny frogs
  A kobold demonologist (D:10)
  3 rime drakes
  A freezing wraith (Lair:4)
  7 komodo dragons
  3 trolls
  A polar bear (Lair:4)
  24 blink frogs
  2 tyrant leeches (Lair:6)
  A hornet (D:10)
  6 hippogriffs
  4 slime creatures (D:12)
  A spriggan (D:10)
  19 yaks
  3 hogs (Lair:5)
  2 fire bats (Volcano)
  3 wyverns
  A shadow (D:7)
  A vampire (D:10)
  5 basilisks
  6 vampire mosquitoes (Lair:6)
  3 hungry ghosts
  A warg (Orc:1)
  The ghost of Nico3ck the Firebug, an amateur DsFE (D:3)
  Edmund (D:6)
  A soldier ant (D:10)
  An acid dragon (D:11)
  10 water moccasins
  6 porcupines
  21 orc warriors
  8 ice beasts
  2 sky beasts
  2 phantoms
  A black bear (D:11)
  5 necrophages (Lair:5)
  9 wolves
  7 ogres
  9 centaurs
  12 crocodiles
  5 big kobolds
  25 bullfrogs
  Blork the orc (D:6)
  2 wyvern skeletons (D:12)
  5 scorpions
  10 killer bees
  12 wights
  8 howler monkeys
  3 electric eels (Lair:6)
  6 crimson imps
  A bullfrog zombie (D:7)
  5 lava snakes (Volcano)
  16 orc priests
  2 jellies
  4 quasits
  8 hounds
  2 bullfrog skeletons
  2 centaur skeletons
  7 iguanas
  24 orc wizards
  4 hell rats (Lair:6)
  9 worker ants
  2 hound zombies
  A howler monkey zombie (D:10)
  A worker ant zombie (D:6)
  4 gnolls
  12 adders
  A shadow imp (D:10)
  3 white imps (Lair:4)
  2 oozes
  An adder skeleton (D:7)
  4 worms
  4 leopard geckos
  70 orcs
  2 bats
  9 giant cockroaches
  3 goblins
  10 hobgoblins
  4 jackals (D:2)
  4 quokkas
  3 frilled lizards
  23 kobolds
  A leopard gecko zombie (D:7)
  6 rats
  3 fungi
  A plant (D:10)
614 creatures vanquished.

Vanquished Creatures (others)
  15 fungi
  55 plants
70 creatures vanquished.

Grand Total: 684 creatures vanquished

Notes
Turn   | Place    | Note
-------+----------+-------------------------------------------
     0 | D:1      | Vesto the Minotaur Fighter began the quest for the Orb.
     0 | D:1      | Reached XP level 1. HP: 19/19 MP: 0/0
   144 | D:3      | Noticed Nico3ck's ghost (amateur DsFE)
   162 | D:3      | Killed Nico3ck's ghost
   162 | D:3      | Reached skill level 4 in Fighting
   162 | D:3      | Reached skill level 1 in Dodging
   162 | D:3      | Reached XP level 2. HP: 15/28 MP: 1/1
   162 | D:3      | Reached XP level 3. HP: 19/34 MP: 2/2
   162 | D:3      | Reached XP level 4. HP: 23/41 MP: 3/3
   282 | D:4      | Noticed an ogre
   288 | D:4      | Killed an ogre
   288 | D:4      | Reached skill level 5 in Fighting
   288 | D:4      | Reached XP level 5. HP: 29/48 MP: 4/4
   300 | D:4      | Found a hazy altar of Hepliaklqana.
   357 | D:4      | Reached XP level 6. HP: 37/56 MP: 5/5
   421 | D:4      | Found a shattered altar of Ashenzari.
   582 | D:5      | Entered Level 5 of the Dungeon
   771 | D:4      | Reached skill level 5 in Axes
   780 | D:4      | Noticed a wyvern
   787 | D:4      | Killed a wyvern
   787 | D:4      | Reached skill level 6 in Fighting
   960 | D:5      | Reached skill level 5 in Armour
   960 | D:5      | Reached XP level 7. HP: 58/64 MP: 6/6
  1615 | D:5      | Reached skill level 1 in Crossbows
  1804 | D:6      | Found a staircase to the Ecumenical Temple.
  1817 | Temple   | Entered the Ecumenical Temple
  1912 | D:6      | Noticed Blork the orc
  1918 | D:6      | Killed Blork the orc
  1918 | D:6      | Reached skill level 7 in Fighting
  1923 | D:6      | Found an ornate altar of the Wu Jian Council.
  3071 | D:2      | Found a sacrificial altar of Ru.
  3758 | D:3      | Reached XP level 8. HP: 73/73 MP: 7/7
  4151 | D:3      | Found an opulent altar of Gozag.
  4299 | D:4      | Noticed kuniqs's ghost (novice DDFi)
  4313 | D:4      | Killed kuniqs's ghost
  4314 | D:4      | Gained mutation: You are partially covered in icy blue scales. (AC +2) [potion of mutation]
  4314 | D:4      | Gained mutation: You are clumsy. (Dex -2) [potion of mutation]
  4314 | D:4      | Lost mutation: You are clumsy. (Dex -2) [potion of mutation]
  4314 | D:4      | Gained mutation: You are partially covered in yellow scales. (AC +2) [potion of mutation]
  4364 | D:6      | Found Wociullu's Assorted Antiques.
  4375 | D:6      | Bought 2 scrolls labeled JOCO SAFEYPN for 48 gold pieces
  4473 | D:6      | Noticed Edmund
  4492 | D:6      | Killed Edmund
  4753 | D:7      | Reached skill level 8 in Fighting
  4799 | D:7      | Found Ritzy's Distillery.
  4801 | D:7      | Bought a potion of heal wounds for 60 gold pieces
  4801 | D:7      | Bought a potion of degeneration for 12 gold pieces
  4928 | D:7      | Reached XP level 9. HP: 82/82 MP: 8/8
  5030 | D:7      | Found a snail-covered altar of Cheibriados.
  5251 | D:8      | Reached skill level 5 in Crossbows
  5267 | D:8      | Reached skill level 9 in Fighting
  5267 | D:8      | Reached skill level 5 in Dodging
  5884 | D:8      | Noticed a two-headed ogre
  5894 | D:8      | Killed a two-headed ogre
  5894 | D:8      | Reached XP level 10. HP: 54/93 MP: 9/9
  5911 | D:8      | Noticed Maurice
  5915 | D:8      | Noticed a two-headed ogre
  5926 | D:8      | Killed a two-headed ogre
  5926 | D:8      | Reached skill level 10 in Fighting
  5929 | D:8      | Killed Maurice
  6148 | D:8      | Found a burning altar of Makhleb.
  6223 | D:8      | Reached skill level 10 in Axes
  6250 | D:8      | Found an iron altar of Okawaru.
  6251 | D:8      | Found a stormy altar of Qazlal.
  6253 | D:8      | Found a sparkling altar of Nemelex Xobeh.
  6267 | D:8      | Became a worshipper of Warmaster Okawaru
  6350 | D:8      | Found the +10 morningstar "Eos" {elec, Halo rElec}
  6681 | D:10     | Entered Level 10 of the Dungeon
  6875 | D:9      | Noticed ohad's ghost (novice TrMo)
  6897 | D:9      | Noticed a two-headed ogre
  7211 | D:9      | Killed a two-headed ogre
  7211 | D:9      | Reached * piety under Okawaru
  7211 | D:9      | Reached skill level 1 in Spellcasting
  7211 | D:9      | Reached skill level 1 in Invocations
  7211 | D:9      | Reached skill level 1 in Evocations
  7317 | D:9      | Reached skill level 11 in Fighting
  7522 | D:10     | Found a runed door.
  7541 | D:10     | Noticed an oklob plant
  7541 | D:10     | Noticed Erica
  7564 | D:10     | Killed Erica
  7564 | D:10     | Reached ** piety under Okawaru
  7564 | D:10     | Reached XP level 11. HP: 68/102 MP: 12/12
  7717 | D:10     | Found a staircase to the Lair.
  8101 | D:10     | Found a runed door.
  9049 | D:10     | Noticed a soul eater
  9088 | D:10     | Noticed a two-headed ogre
  9090 | D:10     | Reached *** piety under Okawaru
  9095 | D:10     | Killed a two-headed ogre
  9318 | D:11     | Reached skill level 1 in Maces & Flails
  9349 | D:11     | Reached **** piety under Okawaru
  9357 | D:11     | Found a staircase to the Orcish Mines.
  9419 | D:11     | Received a gift from Okawaru
 10318 | D:11     | Received a gift from Okawaru
 10536 | D:11     | Reached skill level 12 in Fighting
 10806 | D:12     | Noticed a red ugly thing
 10815 | D:12     | Killed a red ugly thing
 11156 | D:12     | Received a gift from Okawaru
 11173 | D:12     | Reached XP level 12. HP: 102/112 MP: 16/16
 11403 | D:12     | Noticed a two-headed ogre
 11410 | D:12     | Killed a two-headed ogre
 11504 | D:12     | Found Nuot's Weapon Boutique.
 11791 | Lair:1   | Entered Level 1 of the Lair of Beasts
 12093 | Lair:1   | Learned a level 2 spell: Song of Slaying
 12132 | Lair:1   | Upgraded the game from 0.22-a0-266-g5fdf0d7 to 0.22-a0-271-gc000056
 12195 | Lair:2   | Noticed Fannar
 12206 | Lair:2   | Killed Fannar
 12206 | Lair:2   | Reached ***** piety under Okawaru
 12242 | Lair:3   | Received a gift from Okawaru
 12256 | Lair:2   | Noticed Harold
 12269 | Lair:2   | Killed Harold
 12269 | Lair:2   | Reached skill level 5 in Maces & Flails
 12269 | Lair:2   | Reached skill level 5 in Invocations
 13336 | Lair:3   | Reached skill level 1 in Charms
 13357 | Lair:3   | Noticed a four-headed hydra
 13364 | Lair:3   | Killed a four-headed hydra
 13364 | Lair:3   | Received a gift from Okawaru
 13462 | Lair:3   | Found a hole to the Spider Nest.
 13514 | Lair:3   | Found a staircase to the Swamp.
 13556 | Lair:3   | Received a gift from Okawaru
 13752 | Lair:4   | Reached skill level 13 in Fighting
 13905 | Lair:4   | Found the +8 whip "Snakebite" {curare, rPois}
 13915 | Lair:4   | Reached XP level 13. HP: 82/122 MP: 17/19
 13965 | Lair:5   | Noticed Kirke
 13982 | Lair:5   | Killed Kirke
 13982 | Lair:5   | Received a gift from Okawaru
 13982 | Lair:5   | Reached skill level 5 in Spellcasting
 14297 | Lair:5   | Found a blossoming altar of Fedhas.
 14354 | Lair:6   | Entered Level 6 of the Lair of Beasts
 14617 | Lair:3   | Reached skill level 10 in Armour
 15147 | Lair:4   | Noticed Rupert
 15169 | Lair:4   | Killed Rupert
 15443 | Lair:4   | Noticed Nergalle
 15452 | Lair:4   | Killed Nergalle
 16113 | Lair:5   | Identified a scroll of acquirement
 16114 | Lair:5   | Got an ancient plate armour
 16141 | Lair:5   | Reached skill level 5 in Evocations
 16172 | Lair:5   | Identified the +6 plate armour of Truth {*Slow rF++ Int+4} (You acquired it on level 5 of the Lair of Beasts)
 16272 | Lair:5   | Noticed Urug
 16284 | Lair:5   | Killed Urug
 16426 | Lair:5   | Found a staircase to the Slime Pits.
 16427 | Lair:5   | Found a viscous altar of Jiyva.
 16699 | Lair:6   | Received a gift from Okawaru
 16707 | Lair:6   | Got a translucent hat {god gift}
 16713 | Lair:6   | Identified the +0 hat "Bidaduar" {rCorr} (Okawaru gifted it to you on level 6 of the Lair of Beasts)
 16806 | Lair:6   | Found the +3 crown of Dyrovepreva {rElec Int+2 SInv}
 16876 | Lair:6   | Reached XP level 14. HP: 74/130 MP: 18/21
 16900 | Lair:6   | Reached skill level 14 in Fighting
 16941 | Lair:6   | Reached ****** piety under Okawaru
 17435 | Lair:6   | Received a gift from Okawaru
 17480 | Lair:6   | Got an ichor-stained flail
 17481 | Lair:6   | Identified the cursed +1 flail of Paper {crush, rPois Int+3 Dex-2} (You found it on level 6 of the Lair of Beasts)
 18820 | Orc:1    | Entered Level 1 of the Orcish Mines
 18837 | Orc:1    | Received a gift from Okawaru
 18875 | Orc:2    | Entered Level 2 of the Orcish Mines
 18992 | Orc:1    | Found a dark tunnel.
 19001 | Volcano  | Entered a volcano
 19416 | Volcano  | Found a bloodstained altar of Trog.
 20135 | Orc:2    | Found Ifagasuz's Armour Emporium.
 20544 | Orc:2    | Found a staircase to the Elven Halls.
 20762 | Orc:2    | Noticed an orc warlord
 20789 | Orc:2    | Killed an orc warlord
 20805 | Orc:2    | Reached skill level 15 in Fighting
 20813 | Orc:2    | Slain by an orc warrior

Vault maps used:
D:1:      tarquinn_simple_flora_water_b
D:2:      nicolae_ru_awakened_eye
D:3:      first_ration, minmay_misc_feat_diagonals,
          nicolae_gozag_cash_rules_everything_around_me
D:4:      nicolae_ashenzari_panopticon, old_standard_altar
D:6:      lemuel_round_altar, minmay_temple_entry_overgrown, serial_shops,
          nicolae_shop_waterfront, uniq_edmund, uniq_blork_the_orc
D:7:      lemuel_doored_altar, serial_shops, shop_statue
D:8:      gammafunk_temple_overflow_forgotten, kennysheep_mini_moat,
          uniq_maurice
D:10:     cheibrodos_histonic, dpeg_oklobed_lair, grunt_pizzeria, uniq_erica
D:11:     nicolae_whirlpool, orc_0_dummy
D:12:     serial_shops, kennysheep_little_box, minmay_misc_feat_tiny,
          minmay_hedge_maze
D:13:     minivault_16
Temple:   nicolae_temple_great_sept
Lair:2:   nicolae_lair_grove_arrangements, uniq_fannar, uniq_harold
Lair:3:   minmay_swamp_entry_worms, nicolae_spider_entry_non_spiders
Lair:4:   ice2_lemuel, grunt_megastairs_2, serial_bayou_shore_a, uniq_nergalle,
          uniq_rupert
Lair:5:   slime_altar_1, basic_altar, st_stairs_9, roderic_carrion_pond,
          uniq_urug, uniq_kirke
Lair:6:   minmay_lair_end_frog_pond
Orc:1:    nicolae_volcano_entry_vermiform
Orc:2:    st_orc_congregation, serial_shops, nicolae_shop_stone, special_room
Volcano:  volcano_lake

Skill      XL: |  1  2  3  4  5  6  7  8  9 10 11 12 13 14 |
---------------+-------------------------------------------+-----
Fighting       | 4 5 6 7 8 9 11 12 13 15 | 15.0
Axes           | 3 4 5 6 7 9 10 11 12 | 12.3
Armour         | 4 5 6 7 8 9 10 11 | 11.3
Dodging        | 1 2 3 4 5 6 7 8 9 |  9.9
Shields        | 4 |  4.2
Crossbows      | 1 4 6 |  6.3
Spellcasting   | 1 3 4 5 7 |  7.1
Invocations    | 2 4 5 7 |  7.0
Evocations     | 1 3 4 5 6 |  6.3
Maces & Flails | 3 6 7 8 |  8.6
Charms         | 1 2 3 |  3.0

Action                   |  1- 3 |  4- 6 |  7- 9 | 10-12 | 13-15 || total
-------------------------+-------+-------+-------+-------+-------++-------
Melee: War axe           |    20 |    45 |   308 |   228 |       ||   601
       Headbutt          |     2 |    12 |    64 |   108 |   168 ||   354
       Morningstar       |       |       |       |   342 |   351 ||   693
       Broad axe         |       |       |       |       |     6 ||     6
       Flail             |       |       |       |       |   199 ||   199
       Whip              |       |       |       |       |   161 ||   161
       Great mace        |       |       |       |       |     1 ||     1
       Punch             |       |       |       |       |     1 ||     1
Invok: Heroism           |       |       |       |     9 |    28 ||    37
       Finesse           |       |       |       |       |     5 ||     5
Evoke: Wand              |       |       |     2 |     8 |     4 ||    14
  Use: Potion            |     1 |       |     5 |     2 |     4 ||    12
       Scroll            |       |       |    15 |     8 |    16 ||    39
 Stab: Paralysed         |       |       |     1 |       |       ||     1
  Eat: Chunk             |       |       |    13 |    18 |    12 ||    43
       Ration            |       |       |     1 |     3 |     3 ||     7
Armor: Scale mail        |     6 |    13 |    21 |       |       ||    40
       Ice dragon scales |       |       |   125 |   314 |   319 ||   758
Dodge: Dodged            |     5 |    11 |   165 |   378 |   480 ||  1039
Block: Shield            |    15 |    28 |    22 |       |       ||    65
       Buckler           |       |       |    62 |   119 |   154 ||   335
       Other             |       |       |       |       |    21 ||    21
       Reflection        |       |       |       |       |     1 ||     1

Table legend:
 A = Spawn XP
 B = Non-spawn XP
 C = Spawn XP percentage of total XP
 D = Spawn monster count
 E = Non-spawn monster count
 F = Spawn count percentage of total count
 G = Total turns spent on level
                    A         B        C        D         E        F      G
               +---------+---------+-------+---------+---------+-------+---------
         Total |       0 |  101859 |   0.0 |       0 |     610 |   0.0 | 20813
               +---------+---------+-------+---------+---------+-------+---------
           D:1 |       0 |      35 |   0.0 |       0 |      12 |   0.0 |  1016
           D:2 |       0 |      32 |   0.0 |       0 |      16 |   0.0 |   873
           D:3 |       0 |     322 |   0.0 |       0 |      29 |   0.0 |   777
           D:4 |       0 |     988 |   0.0 |       0 |      10 |   0.0 |   759
           D:5 |       0 |     212 |   0.0 |       0 |       4 |   0.0 |   611
           D:6 |       0 |     557 |   0.0 |       0 |       9 |   0.0 |   859
           D:7 |       0 |    1269 |   0.0 |       0 |      31 |   0.0 |   725
           D:8 |       0 |    4560 |   0.0 |       0 |      38 |   0.0 |  1207
           D:9 |       0 |    2035 |   0.0 |       0 |      29 |   0.0 |   921
          D:10 |       0 |    6158 |   0.0 |       0 |      45 |   0.0 |  1948
          D:11 |       0 |    4525 |   0.0 |       0 |      58 |   0.0 |  1037
          D:12 |       0 |    3983 |   0.0 |       0 |      27 |   0.0 |  1009
        Lair:1 |       0 |    1950 |   0.0 |       0 |       7 |   0.0 |   724
        Lair:2 |       0 |    3980 |   0.0 |       0 |      13 |   0.0 |   808
        Lair:3 |       0 |    4957 |   0.0 |       0 |      28 |   0.0 |   932
        Lair:4 |       0 |   11859 |   0.0 |       0 |      41 |   0.0 |  1428
        Lair:5 |       0 |    7928 |   0.0 |       0 |      21 |   0.0 |   952
        Lair:6 |       0 |   28836 |   0.0 |       0 |      97 |   0.0 |  2141
         Orc:1 |       0 |    2505 |   0.0 |       0 |      33 |   0.0 |   559
         Orc:2 |       0 |    7990 |   0.0 |       0 |      47 |   0.0 |   719
       Volcano |       0 |    7178 |   0.0 |       0 |      15 |   0.0 |   715
               +---------+---------+-------+---------+---------+-------+---------
